 Dungeon Sprint DCSS version 0.24-a0-250-g6074511092 (webtiles) character file.

Game seed: 14368231757243832627

10 Redear the Skirmisher (level 2, -3/33 HPs)
             Began as an Ogre Fighter on Apr 15, 2019.
             Was an Initiate of Cheibriados.
             Slain by an ufetubus (4 damage)
             ... in the Dungeon (Sprint VII: "The Pits").
             The game lasted 00:00:33 (305 turns).

Redear the Skirmisher (Ogre Fighter)                 Turns: 305, Time: 00:00:34

Health: -3/33      AC:  3    Str: 20    XL:     2   Next: 20%
Magic:  2/2        EV: 10    Int: 10    God:    Cheibriados [......]
Gold:   0          SH:  0    Dex:  9    Spells: 1/1 levels left

rFire    . . .     SeeInvis .     - Unarmed
rCold    . . .     Gourm    .   (no shield)
rNeg     . . .     Faith    .   a - +0 robe
rPois    .         Spirit   .   (helmet restricted)
rElec    .         Reflect  .   (no cloak)
rCorr    .         Harm     .   (gloves unavailable)
MR       .....     NoTele   +   (boots unavailable)
Stlth    +.........             (no amulet)
HPRegen  0.11/turn              (no ring)
MPRegen  0.08/turn              (no ring)

@: very slow
A: large, unfitting armour, tough skin 1
a: Bend Time, Renounce Religion


You were in the Dungeon.
You worshipped Cheibriados.
Cheibriados was noncommittal.
You were not hungry.

You visited 1 branch

Inventory:

Armour
 a - a +0 robe (worn)
 b - a +0 shield
Scrolls
 e - 5 scrolls of amnesia
 g - a scroll of summoning
 B - a scroll of blinking {@r4}
 N - 3 scrolls of remove curse
Potions
 c - a potion of might {Str+5 DMG+1d10 | @q3}
 d - 2 potions of invisibility
 f - a potion of heal wounds {@q1}
 h - 4 potions of magic
 i - 3 potions of berserk rage
 H - a potion of haste {@q5}
 Q - a potion of curing {@q2}
Comestibles
 z - 9 rations


   Skills:
 + Level 4.9 Fighting
 + Level 3.3 Dodging
 + Level 3.3 Shields
 + Level 2.5 Unarmed Combat


You had one spell level left.
You didn't know any spells.
Your spell library was empty.

Dungeon Overview and Level Annotations

Branches:
Dungeon (1/1)

Altars:
Ashenzari
Cheibriados
Dithmenos
Elyvilon
Fedhas
Gozag
Hepliaklqana
Kikubaaqudgha
Makhleb
Nemelex Xobeh
Okawaru
Qazlal
Ru
Sif Muna
Trog
Uskayaw
Vehumet
Wu Jian
Xom
Yredelemnul
Zin
The Shining One
Beogh
Jiyva
Lugonu


Innate Abilities, Weirdness & Mutations

You are too large for most types of armour.
You have tough skin. (AC +1)


Message History

The ufetubus is almost dead.
The ufetubus hits you.
* * * LOW HITPOINT WARNING * * *
The ufetubus hits you.
* * * LOW HITPOINT WARNING * * *
You take 4 damage, and have 6/33 hp.
Unknown command.
You hit the ufetubus but do no damage.
The ufetubus is almost dead.
The ufetubus hits you.
* * * LOW HITPOINT WARNING * * *
The ufetubus barely misses you. The ufetubus hits you.
* * * LOW HITPOINT WARNING * * *
The ufetubus closely misses you.
You take 5 damage, and have 1/33 hp.
Unknown command.
You miss the ufetubus.
The ufetubus is almost dead.
The ufetubus barely misses you. The ufetubus hits you.
You die...

############
#_________.#
#_________.#
#_______...###########+
##########'##..........
#.?(.')))'.##......#..#
##########.##..........
#.....@.....'..........
#+#####5#####......#..#
#.....# #..........
#.....# ####'#####+
###+### #.......#
#.......# #.......#
#...<...# #.......#


You could see an ufetubus.

Vanquished Creatures
  A gnoll (D)
1 creature vanquished.

Notes
Turn   | Place    | Note
-------+----------+-------------------------------------------
     0 | D        | Redear the Ogre Fighter began the quest for the Orb.
     0 | D        | Reached XP level 1. HP: 24/24 MP: 1/1
    24 | D        | HP: 1/24 [gnoll (4)]
    28 | D        | Reached skill level 3 in Dodging
    28 | D        | Reached skill level 3 in Shields
    28 | D        | Reached skill level 2 in Unarmed Combat
    28 | D        | Reached XP level 2. HP: 1/33 MP: 2/2
   164 | D        | Found a glowing golden altar of the Shining One.
   164 | D        | Found a glowing silver altar of Zin.
   164 | D        | Found a basalt altar of Yredelemnul.
   164 | D        | Found a shimmering altar of Xom.
   164 | D        | Found an ornate altar of the Wu Jian Council.
   164 | D        | Found a bloodstained altar of Trog.
   164 | D        | Found a deep blue altar of Sif Muna.
   164 | D        | Found a sacrificial altar of Ru.
   164 | D        | Found a stormy altar of Qazlal.
   164 | D        | Found an iron altar of Okawaru.
   164 | D        | Found a sparkling altar of Nemelex Xobeh.
   164 | D        | Found a burning altar of Makhleb.
   164 | D        | Found a viscous altar of Jiyva.
   164 | D        | Found a hazy altar of Hepliaklqana.
   164 | D        | Found an opulent altar of Gozag.
   164 | D        | Found a blossoming altar of Fedhas.
   164 | D        | Found a white marble altar of Elyvilon.
   164 | D        | Found a shadowy altar of Dithmenos.
   164 | D        | Found a snail-covered altar of Cheibriados.
   165 | D        | Found a radiant altar of Vehumet.
   165 | D        | Found a corrupted altar of Lugonu.
   165 | D        | Found a roughly hewn altar of Beogh.
   166 | D        | Found an ancient bone altar of Kikubaaqudgha.
   166 | D        | Found a hide-covered altar of Uskayaw.
   166 | D        | Found a shattered altar of Ashenzari.
   172 | D        | Became a worshipper of Cheibriados the Contemplative
   304 | D        | HP: 3/33 [ufetubus (3)]
   304 | D        | HP: 1/33 [ufetubus (2)]
   305 | D        | Slain by an ufetubus

Levels and vault maps discovered:
D:        pitsprint [storerooms_1, entrance_room_1, metal_vault_6, armoury_2,
          mini_pit_1, grid_room_1, main_hall_1, silver_pit, the_coven_3,
          the_vestibule_1, steel_vault_2, golden_pit, hallway_of_sentries,
          crystal_vault_1, iron_vault_1, final_vault]

Skill      XL: |  1 |
---------------+----+-----
Dodging        | 3 |  3.3
Shields        | 3 |  3.3
Unarmed Combat | 2 |  2.5
Fighting       | |  4.9

Action                   || total
-------------------------++-------
Melee: Unarmed           ||    23
Armor: Robe              ||     7
Dodge: Dodged            ||    18

Table legend:
 A = Non-vault XP
 B = Vault XP
 C = Vault XP percentage of total XP
 D = Non-vault monster count
 E = Vault monster count
 F = Vault count percentage of total count
                 A         B        C        D         E       F
            +---------+---------+-------+---------+---------+-------
      Total |       0 |      15 | 100.0 |       0 |       1 | 100.0
            +---------+---------+-------+---------+---------+-------
          D |       0 |      15 | 100.0 |       0 |       1 | 100.0
            +---------+---------+-------+---------+---------+-------
